 Dungeon Crawl Stone Soup version 0.28-a0-1236-gb25a51b929 (webtiles) character file.

Game seed: 14475376161818518665

125 browni3141 the Chopper (level 5, -5/41 HPs)
             Began as a Ghoul Gladiator on Dec 25, 2021.
             Slain by Ijyb (6 damage)
             ... on level 3 of the Dungeon.
             The game lasted 00:04:02 (3278 turns).

browni3141 the Chopper (Ghoul Gladiator)            Turns: 3278, Time: 00:04:03

Health: -5/41      AC:  4    Str: 20    XL:     5   Next: 9%
Magic:  4/4        EV: 16    Int:  3    God:
Gold:   154        SH:  0    Dex: 10    Spells: 4/4 levels left

rFire   . . .      SeeInvis .   a - +0 war axe
rCold   + . .      Faith    .   (no shield)
rNeg    + + +      Spirit   .   b - +0 leather armour
rPois   ∞          Reflect  .   c - +0 helmet
rElec   .          Harm     .   (no cloak)
rCorr   .          Rampage  .   (no gloves)
Will    .....                   (no boots)
Stlth   +.........              (no amulet)
HPRegen 0.00/turn               e - +4 ring of evasion
MPRegen 0.09/turn               g - ring of flight

@: flying, inhibited regen
A: claws 1, cold resistance 1, negative energy resistance 3, inhibited
regeneration, torment resistance 2
a: no special abilities


You were on level 3 of the Dungeon.
You visited 1 branch of the dungeon, and saw 3 of its levels.

You collected 154 gold pieces.

Inventory:

Hand Weapons
 a - a +0 war axe (weapon)
Armour
 b - a +0 leather armour (worn)
 c - a +0 helmet (worn)
Jewellery
 e - a +4 ring of evasion (left claw)
 g - a ring of flight (right claw)
 i - an amulet of faith
Scrolls
 j - a scroll of identify {unknown}
Potions
 f - 3 potions of curing
 h - 2 potions of degeneration {unknown}


   Skills:
 - Level 2.1 Fighting
 * Level 5.1 Axes
 - Level 1.7 Throwing
 - Level 2.6 Dodging


You had 4 spell levels left.
You didn't know any spells.
Your spell library contained the following spells:

 Spells                   Type           Power      Damage    Failure   Level
 Shock                    Conj/Air       0%         1d3       58%         1
 Swiftness                Air            0%         N/A       91%         3
 Airstrike                Air            0%         N/A       100%        4


Dungeon Overview and Level Annotations

Branches:
Dungeon (3/15)

Altars:

Annotations:
D:3 Ijyb


Innate Abilities, Weirdness & Mutations

You thrive by killing the living.
You are immune to poison.
You have sharp fingernails.
Your flesh is cold resistant. (rC+)
You are immune to negative energy. (rN+++)
You do not regenerate when monsters are visible.
You are immune to unholy pain and torment.


Message History

You feel better.
You closely miss Ijyb.
Ijyb is heavily wounded.
Ijyb misses you. Ijyb hits you with a +0 club.
* * * LOW HITPOINT WARNING * * *
An endoplasm comes into view.
The endoplasm quivers.
Ijyb screams, "It's all mine!"
You hit the endoplasm but do no damage. You closely miss Ijyb. Ijyb misses you.
The endoplasm hits you but does no damage.
You slash the endoplasm!
You kill the endoplasm!
You feel better.
You completely miss Ijyb. Ijyb hits you but does no damage.
A goblin comes into view. It is wielding a +0 club.
The goblin shouts!
The goblin hits you with a +0 club.
* * * LOW HITPOINT WARNING * * *
You hit the goblin.
The goblin is moderately wounded.
You hit Ijyb. The goblin hits you but does no damage. Ijyb barely misses you.
The goblin misses you. Ijyb hits you but does no damage.
You slash the goblin!
You kill the goblin!
You hit Ijyb. Ijyb closely misses you.
Found a glowing spear.
Ijyb screams, "I no like you!"
You see here a +0 club.
You hit Ijyb but do no damage.
Ijyb is almost dead.
Ijyb barely misses you.
You closely miss Ijyb.
Ijyb is almost dead.
Ijyb closely misses you.
You hit Ijyb but do no damage.
Ijyb is almost dead.
Ijyb barely misses you. x2
You barely miss Ijyb.
Ijyb is almost dead.
Ijyb hits you with a +0 club.
You die...

#.#####.###.#<#
## #.#...###
.#.#.# #.###
#.# #.#########
#.........#
#.#.#######.#
.......@g)..#
..........#..#
###.#.####.#..#
#.### #.#### ..
#.# ## ... #.#
.)#


You could see Ijyb.

Vanquished Creatures
  An orc wizard (D:2)
  3 adders (D:2)
  A shadow imp (D:3)
  A worm (D:2)
  5 orcs
  6 ball pythons
  7 endoplasms
  6 goblins
  5 hobgoblins
  2 jackals (D:3)
  2 quokkas
  4 bats
  A frilled lizard (D:1)
  5 kobolds
  5 rats
54 creatures vanquished.

Notes
Turn   | Place    | Note
-------+----------+-------------------------------------------
     0 | D:1      | browni3141 the Ghoul Gladiator began the quest for the Orb.
     0 | D:1      | Reached XP level 1. HP: 17/17 MP: 0/0
    66 | D:1      | Reached skill level 3 in Axes
   436 | D:1      | Reached XP level 2. HP: 18/24 MP: 1/1
   623 | D:1      | Found a faded altar of an unknown god.
  1259 | D:2      | Reached XP level 3. HP: 25/29 MP: 2/2
  1489 | D:2      | Reached skill level 4 in Axes
  1786 | D:2      | Reached XP level 4. HP: 31/36 MP: 3/3
  2753 | D:3      | Reached skill level 5 in Axes
  2809 | D:3      | Noticed Sigmund
  3074 | D:3      | Noticed Ijyb
  3089 | D:3      | Reached XP level 5. HP: 25/41 MP: 4/4
  3155 | D:3      | HP: 1/41 [Ijyb (3)]
  3223 | D:3      | HP: 1/41 [Ijyb (1)]
  3253 | D:3      | HP: 2/41 [Ijyb (2)]
  3269 | D:3      | HP: 1/41 [goblin (3)]
  3278 | D:3      | Slain by Ijyb

Illustrated notes

Levels and vault maps discovered:
D:1:      evilmike_arrival_hilbert_curve, layout_loops_corners,
          shapermc_ecumenical_altar_flowoftime, minmay_pentomino_x4
D:2:      layout_basic, st_stairs_12, minmay_misc_feat_secret_circle
D:3:      layout_basic, minmay_quadrilaterals, uniq_sigmund, uniq_natasha,
          uniq_ijyb

Skill      XL: |  1  2  3  4 |
---------------+-------------+-----
Axes           | 3 4 5 |  5.1
Fighting       | |  2.1
Throwing       | |  1.7
Dodging        | |  2.6

Action                   |  1- 3 |  4- 6 || total
-------------------------+-------+-------++-------
Melee: War axe           |    99 |    93 ||   192
Throw: Throwing net      |       |     4 ||     4
 Stab: Held in net/web   |       |     1 ||     1
Armor: Leather armour    |    20 |    22 ||    42
Dodge: Dodged            |    78 |    75 ||   153

Table legend: (Time is in decaauts)
 A = Elapsed time spent in this place.
 B = Non-inter-level travel time spent in this place.
 C = Inter-level travel time spent in this place.
 D = Time resting spent in this place.
 E = Time spent auto-exploring this place.
 F = Levels seen in this place.
 G = Mean time per level.
                   A        B        C        D        E       F      G
               +--------+--------+--------+--------+--------+-----+--------+
         Total |   3331 |   3261 |     70 |      2 |   2620 |   3 | 1110.3 |
       Dungeon |   3331 |   3261 |     70 |      2 |   2620 |   3 | 1110.3 |
               +--------+--------+--------+--------+--------+-----+--------+

Top non-repeatable levels by time:
     D:2: 1388 daAuts
     D:1: 1258 daAuts
     D:3: 684 daAuts
